 Dungeon Crawl Stone Soup version 0.31.0 (webtiles) character file.

Game seed: 8812489118729326008

400 qw the Shooter (level 6, -2/37 HPs)
             Began as a Gargoyle Hunter on Jan 19, 2024.
             Killed from afar by an orc wizard (8 damage)
             ... with a puff of flame
             ... on level 4 of the Dungeon.
             The game lasted 00:00:10 (2607 turns).

qw the Shooter (Gargoyle Hunter)                    Turns: 2607, Time: 00:00:10

Health: -2/37      AC: 12    Str: 18    XL:     6   Next: 84%
Magic:  6/6        EV: 11    Int: 10    God:
Gold:   147        SH:  0    Dex: 15    Spells: 5/5 levels left

rFire   . . .        a - +1 shortbow
rCold   . . .        (shield currently unavailable)
rNeg    + . .        n - +0 ring mail of Xuunurgh {rPois rCorr Str+4}
rPois   inf          m - +1 helmet
rElec   +            (no cloak)
rCorr   +            (no gloves)
SInv    .            (no boots)
Will    .....        j - amulet of faith
Stlth   +            (no ring)
HPRegen 0.26/turn    (no ring)
MPRegen 0.10/turn

%: faith
@: no status effects
A: sickness immunity, AC +4, negative energy resistance 1, electricity
resistance, torment resistance 1, petrification resistance
a: no special abilities


You were on level 4 of the Dungeon.
You visited 1 branch of the dungeon, and saw 4 of its levels.

You collected 231 gold pieces.
You spent 84 gold pieces at shops.


Innate Abilities, Weirdness & Mutations

You are immune to sickness and miasma.
Your stone body is resilient. (AC +4)
You are immune to poison.
You resist negative energy. (rN+)
You are resistant to electric shocks. (rElec)
You are resistant to unholy torment.
You are immune to petrification.


   Skills:
 + Level 3.1 Fighting
 - Level 6.1 Ranged Weapons
 - Level 4.7 Armour
 - Level 1.5 Dodging
 - Level 1.1 Stealth


You had 5 spell levels left.
You didn't know any spells.
Your spell library was empty.

Inventory:

Hand Weapons
 a - a +1 shortbow (weapon)
Armour
 m - a +1 helmet (worn)
 n - the +0 ring mail of Xuunurgh (worn) {rPois rCorr Str+4}
   (You found it on level 3 of the Dungeon)

   Str+4:     It affects your strength (+4).
   rPois:     It protects you from poison rCorr: It protects you from acid and
   corrosion.
Jewellery
 j - an amulet of faith (around neck)
Scrolls
 c - 3 scrolls of identify
 i - a scroll of amnesia {unknown}
Potions
 b - a potion of resistance
 d - 4 potions of curing
 e - a potion of berserk rage {unknown}
 f - a potion of invisibility {unknown}
 g - a potion of haste {unknown}
 h - a potion of brilliance {unknown}
 k - a potion of enlightenment {unknown}

Dungeon Overview and Level Annotations

Branches:
Dungeon (4/15)
 Temple: D:4-7

Altars:
Cheibriados
Makhleb

Shops:
D:4 !**?


Message History

Enter note:
Enter note: You shoot an arrow.
The arrow hits the orc.
The orc shouts!
The orc is heavily wounded.
You shoot an arrow. The arrow closely misses the orc.
You shoot an arrow.
The arrow hits the orc but does no damage.
The orc is heavily wounded.
You hear a shout!
The orc closely misses you.
An orc wizard comes into view. It is wielding a +0 dagger.
You shoot an arrow. The arrow hits the orc.
You kill the orc!
You shoot an arrow. The arrow hits the orc wizard.
The orc wizard is lightly wounded.
An orc priest comes into view. It is wielding a +0 dagger.
You shoot an arrow. The arrow hits the orc wizard.
The orc wizard is heavily wounded.
The orc wizard barely misses you.
The orc wizard hits you but does no damage.
You shoot an arrow. The arrow misses the orc wizard.
The orc priest calls upon Beogh to heal the orc wizard.
The orc wizard is healed somewhat.
You shoot an arrow. The arrow hits the orc wizard!
The orc wizard is severely wounded.
The orc priest calls down the wrath of Beogh upon you.
You barely resist. The orc wizard barely misses you.
You shoot an arrow. The arrow hits the orc wizard.
The orc wizard is almost dead.
The orc priest invokes the aid of Beogh against you.
Beogh smites you!
The orc wizard hits you but does no damage.
You shoot an arrow.
The arrow closely misses the orc wizard.
The orc priest calls down the wrath of Beogh upon you.
Beogh smites you!
The orc wizard gestures at you while chanting.
The puff of flame hits you!
You die...

###.#..#.#...# #
#.#..#.###.#
#.#.<#.###.#
#.##.#.#.#.#
#.##.......# ###
#.####.#...# ..
#......#...# o#
###############)#
#.............@o#
#.###############
#.# #.# ###.#
....# #####


You could see an orc priest and an orc wizard.

Vanquished Creatures
  Grinder (D:2)
  A hound (D:4)
  A jelly (D:4)
  Robin (D:3)
  6 adders
  2 dart slugs
  A ribbon worm (D:3)
  2 orcs (D:4)
  5 bats
  6 endoplasms
  6 giant cockroaches
  13 goblins
  9 hobgoblins
  3 quokkas
  4 ball pythons
  A frilled lizard (D:3)
  9 kobolds
  3 rats
74 creatures vanquished.

Notes
Turn   | Place    | Note
-------+----------+-------------------------------------------
     0 | D:1      | qw the Gargoyle Hunter began the quest for the Orb.
     0 | D:1      | Reached XP level 1. HP: 12/12 MP: 1/1
     0 | D:1      | 0 ||| qw: Version: 0.3-a-132-g3d54051
     0 | D:1      | 0 ||| qw: Game counter: 184
     0 | D:1      | 0 ||| qw: Melee chars always use a shield: true
     0 | D:1      | 0 ||| qw: God list: Okawaru
     0 | D:1      | 0 ||| qw: Allow faded altars: false
     0 | D:1      | 0 ||| qw: Do Orc after clearing Dungeon:15 true
     0 | D:1      | 0 ||| qw: Do second Lair branch before Depths: true
     0 | D:1      | 0 ||| qw: Lair rune preference: random
     0 | D:1      | 0 ||| qw: Goals: Normal
     0 | D:1      | 0 ||| PLANNING D:1-11
    92 | D:1      | Reached XP level 2. HP: 17/17 MP: 2/2
   158 | D:1      | Found a faded altar of an unknown god.
   511 | D:1      | 511 ||| DROPPING scroll of butterflies.
   574 | D:2      | Reached XP level 3. HP: 21/21 MP: 3/3
   587 | D:2      | Reached skill level 5 in Ranged Weapons
   678 | D:2      | Reached skill level 3 in Fighting
   932 | D:2      | Reached XP level 4. HP: 28/28 MP: 4/4
  1148 | D:2      | 1148 ||| UPGRADING to +0 ring mail.
  1158 | D:2      | 1158 ||| DROPPING +0 leather armour.
  1159 | D:2      | 1159 ||| UPGRADING to amulet of faith.
  1164 | D:2      | 1164 ||| READING 2 scrolls labelled UCZA WE MIAZAU.
  1165 | D:2      | 1165 ||| FLEEEEING.
  1275 | D:2      | 1275 ||| READING scroll labelled EWOJIX HULUHEU.
  1276 | D:2      | 1276 ||| READING scroll labelled UREETR ALYPLU.
  1276 | D:2      | 1276 ||| IDENTIFYING lumpy brown potion
  1277 | D:2      | 1277 ||| DROPPING scroll of vulnerability.
  1300 | D:3      | Noticed Grinder
  1305 | D:3      | Paralysed by Grinder for 3 turns
  1308 | D:3      | 1308 ||| STAIRDANCE
  1310 | D:2      | HP: 7/28 [Grinder (8)]
  1311 | D:2      | HP: 3/28 [Grinder (1)]
  1312 | D:2      | Killed Grinder
  1313 | D:2      | Reached XP level 5. HP: 3/32 MP: 5/5
  1313 | D:2      | Reached XP level 6. HP: 4/37 MP: 6/6
  1313 | D:2      | 1313 ||| FLEEEEING.
  1860 | D:3      | Noticed Robin
  1877 | D:3      | Killed Robin
  1892 | D:3      | Identified the +0 ring mail of Xuunurgh {rPois rCorr Str+4}
  2084 | D:3      | 2084 ||| UPGRADING to +0 helmet.
  2089 | D:3      | 2089 ||| UPGRADING to +0 ring mail of Xuunurgh {rPois rCorr
                  | Str+4}.
  2099 | D:3      | 2099 ||| DROPPING +0 ring mail.
  2100 | D:3      | 2100 ||| READING scroll of identify.
  2100 | D:3      | 2100 ||| IDENTIFYING fuming brown potion
  2101 | D:3      | 2101 ||| READING scroll labelled BAUCVAONGE.
  2102 | D:3      | 2102 ||| READING scroll labelled WAMMIUT UHOOG.
  2102 | D:3      | 2102 ||| ENCHANTING +0 helmet.
  2103 | D:3      | 2103 ||| READING scroll labelled POFURE WEOLEME.
  2103 | D:3      | 2103 ||| ENCHANTING +0 shortbow.
  2240 | D:4      | Found Roeggen's General Store.
  2249 | D:4      | Found Turih's Distillery.
  2249 | D:4      | Found Mecw's Magic Scroll Boutique.
  2250 | D:4      | Found Giraj's General Store.
  2253 | D:4      | 2253 ||| SHOPLISTING wand of digging (4) (184 gold, have
                  | 92).
  2253 | D:4      | 2253 ||| SHOPLISTING wand of mindburst (8) (123 gold, have
                  | 92).
  2257 | D:4      | 2257 ||| SHOPLISTING scroll of brand weapon (133 gold, have
                  | 92).
  2257 | D:4      | 2257 ||| BUYING scroll of identify (28 gold).
  2257 | D:4      | Bought a scroll of identify for 28 gold pieces
  2257 | D:4      | 2257 ||| BUYING scroll of identify (28 gold).
  2257 | D:4      | Bought a scroll of identify for 28 gold pieces
  2257 | D:4      | 2257 ||| BUYING scroll of identify (28 gold).
  2257 | D:4      | Bought a scroll of identify for 28 gold pieces
  2257 | D:4      | 2257 ||| SHOPLISTING scroll of teleportation (42 gold, have
                  | 8).
  2265 | D:4      | 2265 ||| SHOPLISTING 2 potions of cancellation (224 gold,
                  | have 8).
  2265 | D:4      | 2265 ||| SHOPLISTING 2 potions of curing (84 gold, have 8).
  2265 | D:4      | 2265 ||| SHOPLISTING potion of cancellation (112 gold, have
                  | 8).
  2265 | D:4      | 2265 ||| SHOPLISTING potion of curing (42 gold, have 8).
  2265 | D:4      | 2265 ||| SHOPLISTING potion of enlightenment (70 gold, have
                  | 8).
  2265 | D:4      | 2265 ||| SHOPLISTING potion of haste (140 gold, have 8).
  2265 | D:4      | 2265 ||| SHOPLISTING potion of mutation (112 gold, have 8).
  2330 | D:4      | Found a snail-covered altar of Cheibriados.
  2396 | D:4      | Found a burning altar of Makhleb.
  2412 | D:4      | Noticed a blizzard demon
  2415 | D:4      | Noticed a ynoxinul
  2415 | D:4      | Noticed a hellwing
  2501 | D:4      | Reached skill level 6 in Ranged Weapons
  2607 | D:4      | HP: 6/37 [orc priest/divine providence (17)]
  2607 | D:4      | Killed from afar by an orc wizard

Levels and vault maps discovered:
D:1:      wheals_arrival_shading, layout_basic,
          shapermc_ecumenical_altar_pompeii
D:2:      layout_basic
D:3:      layout_loops_ring, uniq_grinder, uniq_robin
D:4:      layout_basic, makhleb_altar_promises_db, amcnicky_altar_gilded,
          nrook_mini_vaults, minmay_shop_grid_forest, uniq_natasha

Skill      XL: |  1  2  3  4  5  6 |
---------------+-------------------+-----
Ranged Weapons | 5 6 |  6.1
Fighting       | 3 |  3.1
Armour         | 4 |  4.7
Dodging        | |  1.5
Stealth        | |  1.1

Action                     |  1- 3 |  4- 6 || total
---------------------------+-------+-------++-------
   Fire: Shortbow          |    92 |   118 ||   210
    Use: Scroll            |       |     7 ||     7
 Armour: Leather armour    |     6 |     1 ||     7
         Ring mail         |       |    34 ||    34
  Dodge: Dodged            |    17 |    42 ||    59

Table legend:
 A = Non-vault XP
 B = Vault XP
 C = Vault XP percentage of total XP
 D = Non-vault monster count
 E = Vault monster count
 F = Vault count percentage of total count
                 A         B        C        D         E       F
            +---------+---------+-------+---------+---------+-------
      Total |     274 |     298 |  52.1 |      63 |      11 |  14.9
            +---------+---------+-------+---------+---------+-------
        D:1 |      28 |       0 |   0.0 |      15 |       0 |   0.0
        D:2 |      62 |     262 |  80.9 |      24 |       1 |   4.0
        D:3 |      52 |      36 |  40.9 |      14 |      10 |  41.7
        D:4 |     132 |       0 |   0.0 |      10 |       0 |   0.0
            +---------+---------+-------+---------+---------+-------
